 Dungeon Crawl Stone Soup version 0.23.2-32-g37ab1d4649 (webtiles) character file.

Game seed: 1586979802921941036

46 H0rd4k the Magician (level 3, -12/19 HPs)
             Began as a Deep Elf Wizard on June 26, 2019.
             Killed by nerve-wracking pain
             ... invoked by Jessica
              (14 damage)
             ... on level 1 of the Dungeon.
             The game lasted 00:02:51 (1649 turns).

H0rd4k the Magician (Deep Elf Wizard)               Turns: 1649, Time: 00:02:51

Health: -12/19     AC:  2    Str:  4    XL:     3   Next: 44%
Magic:  7/12       EV: 13    Int: 23    God:
Gold:   30         SH:  0    Dex: 13    Spells: 7/13 levels left

rFire    . . .     SeeInvis .   (no weapon)
rCold    . . .     Gourm    .   (no shield)
rNeg     . . .     Faith    .   a - +0 robe
rPois    .         Spirit   .   b - +0 hat
rElec    .         Reflect  .   (no cloak)
rCorr    .         Harm     .   (no gloves)
MR       .....                  (no boots)
Stlth    ++........             (no amulet)
HPRegen  0.06/turn              (no ring)
MPRegen  0.13/turn              (no ring)

@: no status effects
A: no striking features
a: no special abilities


You were on level 1 of the Dungeon.
You were not hungry.

You visited 1 branch of the dungeon, and saw 2 of its levels.

You collected 30 gold pieces.

Inventory:

Hand Weapons
 i - a +1 hand axe of electrocution
Missiles
 k - 10 tomahawks (quivered)
Armour
 a - a +0 robe (worn)
 b - a +0 hat (worn)
Scrolls
 e - 2 scrolls of remove curse {unknown}
 h - 3 scrolls of identify {unknown}
 m - a scroll of enchant armour {unknown}
Potions
 c - a potion of curing {unknown}
 f - a potion of invisibility {unknown}
 g - a potion of cancellation {unknown}
 j - a potion of might {unknown}
 l - a potion of agility {unknown}
 o - a potion of brilliance {unknown}
Comestibles
 d - 9 rations


   Skills:
 + Level 2.7 Dodging
 + Level 2.8 Stealth
 + Level 5.7 Spellcasting
 + Level 1.6 Conjurations
   Level 1.1 Summonings
 + Level 1.1 Translocations


You had 7 spell levels left.
You knew the following spells:

 Your Spells              Type           Power        Failure   Level  Hunger
a - Magic Dart            Conj           ##..         4%          1    None
b - Blink                 Tloc           N/A          9%          2    None
c - Conjure Flame         Conj/Fire      ##......     19%         3    #......

Your spell library contained the following spells:

 Spells                   Type           Power        Failure   Level  Hunger
 Call Imp                 Summ           ##......     9%          2    None
 Slow                     Hex            #.......     13%         2    None
 Mephitic Cloud           Conj/Pois/Air  #.......     22%         3    #......


Dungeon Overview and Level Annotations

Branches:
Dungeon (2/15)

Altars:
Uskayaw

Annotations:
D:1 exclusion: downstairs, Jessica
D:2 Natasha


Message History

Jessica shouts, "You're disturbing me!
I'll have to kill you!"
Jessica points at you and mumbles some strange words.
Pain shoots through your body!
Ouch! That really hurt!
* * * LOW HITPOINT WARNING * * *
Jessica gestures wildly.
There is a stone staircase leading up here.
You see here a stone.
Jessica closely misses you.
You climb upwards.
Level annotation: exclusion: downstairs
There is a stone staircase leading down here.
Jessica hits you but does no damage.
You feel yourself speed up.
Jessica mumbles some strange words.
Jessica seems to speed up.
Jessica gestures at you while chanting. Pain shoots through your body!
Ouch! That really hurt!
You die...

....# #..##..........#.'.......
....#####..####........#.#.......
....#.........#......###.#.......
†...#####.#.#.#####....#.#####...
........###...#####)...#.# #...
.....######.#........)...# #...
##.#.##.......#........### #...
..)#.###.#....#.###)##########...
##.#.# #........@.#..............
.....###.#..#.#.#.#>###########.#
.......#.#........#@# #.#
######.#.#.##..##@#.##### #.#
######.#+#.##...#.......# ###.#
................#.#.###.# #....
.#.###.........>#.#.# #.# #....
.#.# #............#.###.## #..).
.#.# ##....#####..#......# #)...


You could see Jessica.

Vanquished Creatures
  An ooze (D:1)
  A worm (D:2)
  A dart slug (D:1)
  4 bats (D:1)
  2 giant cockroaches
  5 goblins
  4 hobgoblins
  3 frilled lizards (D:1)
  5 kobolds
  11 rats
37 creatures vanquished.

Notes
Turn   | Place    | Note
-------+----------+-------------------------------------------
     0 | D:1      | H0rd4k the Deep Elf Wizard began the quest for the Orb.
     0 | D:1      | Reached XP level 1. HP: 10/10 MP: 7/7
   141 | D:1      | Reached skill level 5 in Spellcasting
   141 | D:1      | Reached XP level 2. HP: 4/15 MP: 0/10
   227 | D:1      | Learned a level 2 spell: Blink
   866 | D:1      | Reached XP level 3. HP: 19/19 MP: 7/12
  1301 | D:2      | Noticed Natasha
  1343 | D:1      | Learned a level 3 spell: Conjure Flame
  1352 | D:2      | Found a hide-covered altar of Uskayaw.
  1597 | D:2      | Noticed Jessica
  1649 | D:1      | Killed from afar by Jessica

Skill      XL: |  1 |
---------------+----+-----
Spellcasting   | 5 |  5.7
Dodging        | |  2.7
Stealth        | |  2.8
Conjurations   | |  1.6
Summonings     | |  1.1
Translocations | |  1.1

Action                   || total
-------------------------++-------
 Cast: Magic Dart        ||    89
       Conjure Flame     ||     1
  Eat: Chunk             ||     2
Armor: Robe              ||     2
Dodge: Dodged            ||    17
